 Dungeon Crawl Stone Soup version 0.27-a0-1200-g94dc6ad4cf (webtiles) character file.

Game seed: 10604680213206529187

162 polve the Chopper (level 5, 0/39 HPs)
             Began as a Demonspawn Gladiator on May 30, 2021.
             Succumbed to an orc's poison
             ... on level 3 of the Dungeon.
             The game lasted 00:01:58 (2622 turns).

polve the Chopper (Demonspawn Gladiator)            Turns: 2622, Time: 00:01:59

Health: 0/39       AC:  5    Str: 15    XL:     5   Next: 19%
Magic:  5/5        EV: 12    Int:  9    God:
Gold:   106        SH:  0    Dex: 15    Spells: 4/4 levels left

rFire    . . .     SeeInvis .   a - +0 war axe
rCold    . . .     Faith    .   (no shield)
rNeg     . . .     Spirit   .   b - +0 leather armour
rPois    .         Reflect  .   c - +0 helmet
rElec    .         Harm     .   (no cloak)
rCorr    .         Rampage  .   (no gloves)
Will     .....                  (no boots)
Stlth    +.........             (no amulet)
HPRegen  0.13/turn              (no ring)
MPRegen  0.09/turn              (no ring)

@: lethally poisoned (0 -> -3)
A: rugged brown scales 1, powered by death 1
a: no special abilities


You were on level 3 of the Dungeon.
You visited 1 branch of the dungeon, and saw 3 of its levels.

You collected 106 gold pieces.

Inventory:

Hand Weapons
 a - a +0 war axe (weapon)
Missiles
 d - 3 throwing nets (quivered)
Armour
 b - a +0 leather armour (worn)
 c - a +0 helmet (worn)
 f - a +0 pair of gloves
Jewellery
 v - a ring of willpower
Scrolls
 e - 2 scrolls of amnesia {unknown}
 h - a scroll of teleportation {unknown}
 i - 2 scrolls of magic mapping {unknown}
 k - a scroll of torment {unknown}
 l - 3 scrolls of noise {unknown}
 m - 2 scrolls of fear {unknown}
 o - 3 scrolls of identify {unknown}
 p - a scroll of blinking {unknown}
 q - a scroll of brand weapon {unknown}
 r - a scroll of immolation {unknown}
 u - 2 scrolls of vulnerability {unknown}
 x - a scroll of silence {unknown}
Potions
 j - a potion of brilliance {unknown}
 n - a potion of degeneration {unknown}
 s - a potion of flight {unknown}
 t - a potion of might {unknown}


   Skills:
 - Level 2.0 Fighting
 + Level 5.4 Axes
 - Level 1.7 Throwing
 - Level 2.6 Dodging


You had 4 spell levels left.
You didn't know any spells.
Your spell library was empty.

Dungeon Overview and Level Annotations

Branches:
Dungeon (3/15)

Altars:

Shops:
D:1 ?   D:2 [


Innate Abilities, Weirdness & Mutations

You are partially covered in rugged brown scales. (AC +1, +3% HP)
You regenerate a little health from kills.


Message History

Something hits you but does no damage. The orc closely misses you.
You barely miss the orc.
The orc is heavily wounded.
You hit something.
* * * LOW HITPOINT WARNING * * *
You feel very sick. Something hits you.
* * * LOW HITPOINT WARNING * * *
The orc barely misses you.
It was a potion of curing.
You feel better. Something hits you but does no damage.
The orc hits you with a +1 short sword of venom.
You hit the orc.
The orc is severely wounded.
You hit something. Something hits you but does no damage.
The orc barely misses you. Something hits you but does no damage.
You closely miss the orc.
The orc is severely wounded.
You miss something.
The orc hits you with a +1 short sword of venom.
* * * LOW HITPOINT WARNING * * *
You are lethally poisoned!
Something barely misses you.
You slash the orc!
You kill the orc!
You barely miss something.
* * * LOW HITPOINT WARNING * * *
You feel very sick. Something hits you but does no damage.
You have reached level 5!
Okay, then.
You slash something!
Reactivating autopickup.
You feel a bit more experienced.
* * * LOW HITPOINT WARNING * * *
You feel sick.
* * * LOW HITPOINT WARNING * * *
You feel sick.
You see here a +1 short sword of venom.
You die...

###.###.#..#.# #.
#..........#>###### #. ###
#.#####.####.##...#####.
...
###.#####.####............
..#
.......##.....)##...######
#.# #<......###########
#.### #.##.##.# ....
#.......# #.### #.##)##@#
....# #.....).# .....
####.#### ..... #.# .....
#.# ..... #.# ..... #.#
...>. ..# ..... ###


There were no monsters in sight!

Vanquished Creatures
  An orc wizard (D:3)
  5 adders
  4 dart slugs
  7 orcs (D:3)
  4 ball pythons
  9 bats
  7 endoplasms
  6 giant cockroaches
  6 goblins
  9 hobgoblins
  A jackal (D:1)
  5 kobolds
  2 quokkas (D:1)
  2 frilled lizards (D:1)
  2 rats (D:1)
70 creatures vanquished.

Notes
Turn   | Place    | Note
-------+----------+-------------------------------------------
     0 | D:1      | polve the Demonspawn Gladiator began the quest for the Orb.
     0 | D:1      | Reached XP level 1. HP: 16/16 MP: 1/1
    23 | D:1      | Reached skill level 3 in Axes
   302 | D:1      | Gained mutation: You regenerate a little health from kills.
                  | [demonic ancestry]
   302 | D:1      | Reached XP level 2. HP: 21/22 MP: 2/2
   636 | D:1      | Found Lejaxeon's Magic Scroll Shoppe.
   974 | D:1      | Gained mutation: You are partially covered in rugged brown
                  | scales. (AC +1, +3% HP) [demonic ancestry]
   974 | D:1      | Reached XP level 3. HP: 22/27 MP: 3/3
  1161 | D:1      | Reached skill level 4 in Axes
  1546 | D:2      | Found a faded altar of an unknown god.
  1671 | D:2      | Found Syufos's Armour Shop.
  1787 | D:2      | Reached XP level 4. HP: 33/33 MP: 4/4
  2381 | D:3      | Reached skill level 5 in Axes
  2620 | D:3      | Reached XP level 5. HP: 3/39 MP: 5/5
  2621 | D:3      | HP: 1/39 [poisoned by an orc]
  2622 | D:3      | Succumbed to an orc's poison

Illustrated notes

Levels and vault maps discovered:
D:1:      psy_arrival_fountain, layout_loops_cross, serial_shops,
          shop_fountains, st_stairs_1
D:2:      layout_rooms, serial_shops, nicolae_shop_behind_doors,
          hellmonk_ecumenical_altar_run_dry
D:3:      layout_loops_cross

Skill      XL: |  1  2  3  4 |
---------------+-------------+-----
Axes           | 3 4 5 |  5.4
Fighting       | |  2.0
Throwing       | |  1.7
Dodging        | |  2.6

Action                   |  1- 3 |  4- 6 || total
-------------------------+-------+-------++-------
Melee: War axe           |   119 |    79 ||   198
  Use: Potion            |     1 |     2 ||     3
 Stab: Sleeping          |       |     1 ||     1
Armor: Leather armour    |    47 |    40 ||    87
Dodge: Dodged            |    95 |    61 ||   156

Table legend: (Time is in decaauts)
 A = Elapsed time spent in this place.
 B = Non-inter-level travel time spent in this place.
 C = Inter-level travel time spent in this place.
 D = Time resting spent in this place.
 E = Time spent auto-exploring this place.
 F = Levels seen in this place.
 G = Mean time per level.
                   A        B        C        D        E       F      G
               +--------+--------+--------+--------+--------+-----+--------+
         Total |   2680 |   2676 |      4 |      0 |   2198 |   3 |  893.3 |
       Dungeon |   2680 |   2676 |      4 |      0 |   2198 |   3 |  893.3 |
               +--------+--------+--------+--------+--------+-----+--------+

Top non-repeatable levels by time:
     D:1: 1452 daAuts
     D:3: 652 daAuts
     D:2: 575 daAuts
